 Dungeon Crawl Stone Soup version 0.21.1-1-g345015fe64 (webtiles) character file.

53 Holzbalken the Skirmisher (level 3, -2/29 HPs)
             Began as a Demonspawn Monk on July 15, 2018.
             Slain by a gnoll
             ... wielding a cursed -2 club
              (5 damage)
             ... on level 2 of the Dungeon.
             The game lasted 00:04:36 (1681 turns).

Holzbalken the Skirmisher (Demonspawn Monk)         Turns: 1681, Time: 00:04:37

Health: -2/29      AC:  3    Str: 12    XL:     3   Next: 62%
Magic:  3/3        EV: 15    Int: 14    God:
Gold:   63         SH:  0    Dex: 15    Spells: 2/2 levels left

rFire    + . .     SeeInvis .   a - +0 mace
rCold    . . .     Gourm    .   (no shield)
rNeg     . . .     Faith    .   f - +0 robe (curse)
rPois    .         Spirit   .   j - +0 helmet
rElec    .         Reflect  .   (no cloak)
rCorr    .         Harm     .   (no gloves)
MR       .....                  (no boots)
Stlth    +++.......             (no amulet)
HPRegen  0.09/turn              e - ring of protection from fire
MPRegen  0.08/turn              m - +3 ring of intelligence

@: no status effects
A: repulsion field 1, nightstalker 1
a: no special abilities


You were on level 2 of the Dungeon.
You were hungry.

You visited 1 branch of the dungeon, and saw 2 of its levels.

You collected 63 gold pieces.

Inventory:

Hand Weapons
 a - a +0 mace (weapon)
Armour
 b - a +0 robe
 f - a cursed +0 robe (worn)
 i - a +0 leather armour
 j - a +0 helmet (worn)
Jewellery
 e - a ring of protection from fire (left hand)
 m - a +3 ring of intelligence (right hand)
Scrolls
 g - a scroll of amnesia
 k - 2 scrolls of identify
Potions
 d - a potion of resistance {unknown}
 l - a potion of degeneration {unknown}
Comestibles
 c - 3 rations
 h - a chunk of flesh


   Skills:
 + Level 3.4 Fighting
 + Level 3.2 Maces & Flails
 + Level 3.1 Dodging
 + Level 2.2 Stealth


You had 2 spell levels left.
You didn't know any spells.

Dungeon Overview and Level Annotations

Branches:
Dungeon (2/15)

Altars:


Innate Abilities, Weirdness & Mutations

You are surrounded by a mild repulsion field. (EV +2)
You are slightly more attuned to the shadows.


Message History

The gnoll closely misses you.
The gnoll throws a throwing net.
The throwing net closely misses you.
The gnoll moves out of view.
The gnoll misses you.
You barely miss the gnoll.
The gnoll throws a throwing net.
The throwing net hits you.
You become entangled in the net!
The gnoll closely misses you.
You struggle against the net.
The gnoll closely misses you.
You struggle against the net.
The gnoll hits you with a spear!
You struggle against the net.
You are feeling hungry.
The gnoll shouts!
The gnoll barely misses you.
You struggle against the net.
You shred the net and break free! The gnoll hits you but does no damage.
You hit the gnoll.
The gnoll is heavily wounded.
The gnoll hits you with a spear!
* * * LOW HITPOINT WARNING * * *
The gnoll hits you with a club.
You die...

.. . #..... #. ##. #.....##.# #..
#.....##..###### #.#
##......##......# #.# ..
##......###.....####.# ..
................@g##)## .#
................#g....####.#
.......##..................#
..................##......##
......##..#..##..........######
......###.##....#.#####.......###
.l....# #.#....##.#####.###.#....
......# #...##..................#
.......##..## ...# ##..###.####..


You could see 2 gnolls.

Vanquished Creatures
  2 adders (D:2)
  A dart slug (D:1)
  A leopard gecko (D:2)
  2 giant cockroaches
  7 goblins
  6 hobgoblins
  2 kobolds
  A bat (D:1)
  4 frilled lizards (D:1)
  6 rats
32 creatures vanquished.

Notes
Turn   | Place    | Note
-------+----------+-------------------------------------------
     0 | D:1      | Holzbalken the Demonspawn Monk began the quest for the Orb.
     0 | D:1      | Reached XP level 1. HP: 18/18 MP: 1/1
   527 | D:1      | Gained mutation: You are slightly more attuned to the shadows. [demonic ancestry]
   527 | D:1      | Reached XP level 2. HP: 21/24 MP: 2/2
  1289 | D:2      | Gained mutation: You are surrounded by a mild repulsion field. (EV +2) [demonic ancestry]
  1289 | D:2      | Reached XP level 3. HP: 26/29 MP: 3/3
  1681 | D:2      | Slain by a gnoll

Skill      XL: |  1  2 |
---------------+-------+-----
Stealth        | 2 |  2.2
Maces & Flails | 3 |  3.2
Dodging        | 3 |  3.1
Fighting       | |  3.4

Action                   || total
-------------------------++-------
Melee: Mace              ||    97
  Use: Scroll            ||     2
 Stab: Sleeping          ||     9
  Eat: Chunk             ||     2
Armor: Robe              ||    10
Dodge: Dodged            ||    85
